 Dungeon Crawl Stone Soup version 0.23-a0-612-gcb482e9 (console) character file.

303 Duffy the Chopper (level 6, -5/52 HPs)
             Began as a Naga Gladiator on Dec 21, 2018.
             Slain by a gnoll
             ... wielding a +0 halberd
              (9 damage)
             ... on level 5 of the Dungeon.
             The game lasted 00:01:10 (1624 turns).

Duffy the Chopper (Naga Gladiator)                  Turns: 1624, Time: 00:01:11

Health: -5/52      AC:  8    Str: 21    XL:     6   Next: 38%
Magic:  6/6        EV:  4    Int:  9    God:
Gold:   35         SH:  0    Dex: 12    Spells: 5/5 levels left

rFire    . . .     SeeInvis +   a - +0 war axe
rCold    + . .     Gourm    .   (no shield)
rNeg     . . .     Faith    .   p - +0 plate armour
rPois    +         Spirit   .   c - +0 helmet
rElec    .         Reflect  .   (no cloak)
rCorr    .         Harm     .   (no gloves)
MR       .....                  (no barding)
Stlth    ..........             (no amulet)
HPRegen  0.17/turn              m - +3 ring of strength
MPRegen  0.10/turn              h - ring of protection from cold

@: very slow
A: large, see invisible, deformed body, poison resistance, slowness 2, slow
metabolism 1, spit poison 1, AC +2
a: Spit Poison


You were on level 5 of the Dungeon.
You were not hungry.

You visited 1 branch of the dungeon, and saw 5 of its levels.

You collected 35 gold pieces.

Inventory:

Hand Weapons
 a - a +0 war axe (weapon)
Missiles
 d - 3 throwing nets (quivered)
Armour
 b - a +0 leather armour
 c - a +0 helmet (worn)
 p - a +0 plate armour (worn)
Jewellery
 e - an uncursed ring of ice
 h - a ring of protection from cold (right hand)
 m - a +3 ring of strength (left hand)
Scrolls
 i - a scroll of amnesia {unknown}
 j - a scroll of fog {unknown}
 l - a scroll of remove curse {unknown}
Potions
 g - 2 potions of curing {unknown}
 k - 3 potions of cancellation {unknown}
 n - a potion of lignification {unknown}
Comestibles
 f - 3 rations


   Skills:
 - Level 2.0 Fighting
 + Level 7.0 Axes
 - Level 1.7 Throwing
 - Level 2.4 Dodging


You had 5 spell levels left.
You didn't know any spells.
Your spell library was empty.

Dungeon Overview and Level Annotations

Branches:
Dungeon (5/15)
 Temple: D:4-7

Altars:
Ashenzari
Beogh

Annotations:
D:4 3 runed doors, Ratty's ghost, amateur DENe


Innate Abilities, Weirdness & Mutations

You cannot wear boots.
Your serpentine skin is tough. (AC +2)
You have supernaturally acute eyesight. (SInv)
Armour fits poorly on your strangely shaped body.
Your system is resistant to poisons. (rPois)
You cover ground very slowly.
You have a slow metabolism.
You can spit poison.


Message History

You closely miss the gnoll.
The gnoll is almost dead.
The gnoll hits you with a +0 club. The gnoll barely misses you.
You slash the gnoll!
You kill the gnoll!
Your Axes skill increases to level 7!
The gnoll hits you from afar with a +0 halberd!
The gnoll hits you with a +0 halberd!
You see here a gnoll corpse.
You barely miss the gnoll. The gnoll hits you but does no damage.
You slash the gnoll!
The gnoll is severely wounded.
The gnoll barely misses you.
You hit the gnoll.
The gnoll is almost dead.
The gnoll barely misses you.
Your plate armour prevents you from hitting the gnoll.
The gnoll is almost dead.
The gnoll hits you with a +0 halberd!
You die...

## #.....###..# # ...#
#.....###..# ###
#..#####......#...#
..#####.............#...#
............# ....._...#
.......#.#... ....#..#
###.<.##..# #.g.#..#
#........### #@)###.#
##.###......#####.)###.#
...# #####....)....###.#
.#########..####.......#
........##..# #.........
........##### #.........
<.......# #.........
........# #.........
..>.....# ##########


You could see a gnoll.

Vanquished Creatures
  Blork the orc (D:5)
  2 centaur zombies (D:5)
  A hound (D:4)
  A bullfrog zombie (D:5)
  A jelly (D:3)
  A bullfrog skeleton (D:5)
  4 gnolls
  A worm (D:5)
  A dart slug (D:1)
  A leopard gecko (D:4)
  A ball python (D:5)
  A giant cockroach (D:3)
  A goblin (D:3)
  3 hobgoblins (D:1)
  2 kobolds (D:1)
  2 rats (D:1)
24 creatures vanquished.

Notes
Turn   | Place    | Note
-------+----------+-------------------------------------------
     0 | D:1      | Duffy the Naga Gladiator began the quest for the Orb.
     0 | D:1      | Reached XP level 1. HP: 19/19 MP: 1/1
    41 | D:1      | Reached XP level 2. HP: 11/26 MP: 2/2
   565 | D:3      | Reached skill level 4 in Axes
   570 | D:3      | Reached XP level 3. HP: 31/32 MP: 3/3
   613 | D:4      | Reached skill level 5 in Axes
   613 | D:4      | Reached XP level 4. HP: 8/39 MP: 4/4
   868 | D:4      | Noticed Ratty's ghost (amateur DENe)
   872 | D:4      | Found a runed gate.
   873 | D:4      | Found a runed gate.
   874 | D:4      | Found a runed gate.
   874 | D:4      | Found a roughly hewn altar of Beogh.
   980 | D:5      | Entered Level 5 of the Dungeon
   990 | D:5      | Reached XP level 5. HP: 21/45 MP: 5/5
  1245 | D:5      | Reached skill level 6 in Axes
  1598 | D:5      | Noticed Blork the orc
  1607 | D:5      | Killed Blork the orc
  1607 | D:5      | Reached XP level 6. HP: 35/52 MP: 6/6
  1610 | D:5      | Found a shattered altar of Ashenzari.
  1619 | D:5      | Reached skill level 7 in Axes
  1624 | D:5      | Slain by a gnoll

Vault maps used:
D:1:      grunt_arrival_crossed_arrows
D:2:      minmay_misc_feat_doors, uniq_jessica
D:3:      minmay_chambers_of_twos, chequers_ecumenical_altar_simple_redux
D:4:      biasface_ghost_orc_armoury, first_ration, uniq_edmund
D:5:      cheibrodos_ashenzari_chains, uniq_ijyb, uniq_blork_the_orc

Skill      XL: |  1  2  3  4  5  6 |
---------------+-------------------+-----
Axes           | 4 5 6 7 |  7.0
Fighting       | |  2.0
Throwing       | |  1.7
Dodging        | |  2.4

Action                   |  1- 3 |  4- 6 || total
-------------------------+-------+-------++-------
Melee: War axe           |    44 |    60 ||   104
 Stab: Sleeping          |     1 |       ||     1
  Eat: Chunk             |       |     1 ||     1
Armor: Leather armour    |     5 |     4 ||     9
       Plate armour      |       |    14 ||    14
Dodge: Dodged            |    38 |    30 ||    68

Table legend:
 A = Non-vault XP
 B = Vault XP
 C = Vault XP percentage of total XP
 D = Non-vault monster count
 E = Vault monster count
 F = Vault count percentage of total count
                 A         B        C        D         E       F
            +---------+---------+-------+---------+---------+-------
      Total |     343 |      91 |  21.0 |      23 |       1 |   4.2
            +---------+---------+-------+---------+---------+-------
        D:1 |      28 |       0 |   0.0 |       9 |       0 |   0.0
        D:3 |      46 |       0 |   0.0 |       3 |       0 |   0.0
        D:4 |      48 |       0 |   0.0 |       2 |       0 |   0.0
        D:5 |     221 |      91 |  29.2 |       9 |       1 |  10.0
            +---------+---------+-------+---------+---------+-------
